 Dungeon Crawl Stone Soup version 0.28.0-53-g5a82cb258f (webtiles) character file.

Game seed: 1452811772304485372

735 Legadrian the Chucker (level 8, 0/61 HPs)
             Began as a Human Berserker on July 4, 2022.
             Was a Believer of Trog.
             Slain by Grinder (4 damage)
             ... while paralysed by Grinder
             ... on level 5 of the Dungeon.
             The game lasted 00:19:58 (5811 turns).

Legadrian the Chucker (Human Berserker)             Turns: 5811, Time: 00:19:58

Health: 0/61       AC:  3    Str: 21    XL:     8   Next: 4%
Magic:  8/8        EV:  2    Int:  7    God:    Trog [**....]
Gold:   138        SH:  0    Dex: 12    Spells: 7/7 levels left

rFire   . . .      SeeInvis .   l - +0 quarterstaff (vorpal)
rCold   . . .      Faith    .   (shield currently unavailable)
rNeg    . . .      Spirit   .   b - +0 animal skin
rPois   .          Reflect  .   (no helmet)
rElec   .          Harm     .   (no cloak)
rCorr   .          Rampage  .   y - +0 pair of gloves
Will    .....                   (no boots)
Stlth   +.........              (no amulet)
HPRegen 0.20/turn               (no ring)
MPRegen 0.11/turn               (no ring)

@: paralysed, on berserk cooldown, slowed, invisible
A: no striking features
a: Renounce Religion, Berserk, Trog's Hand


You were on level 5 of the Dungeon.
You worshipped Trog.
Trog was pleased with you.
You visited 1 branch of the dungeon, and saw 5 of its levels.

You collected 138 gold pieces.

Inventory:

Hand Weapons
 a - a +0 short sword
 k - a +0 scythe
 l - a +0 vorpal quarterstaff (weapon)
 m - a +1 dagger of venom
 p - a +0 short sword of holy wrath
Missiles
 d - 41 stones (quivered)
 g - 56 sling bullets
 i - 2 javelins
 j - 41 arrows
 n - 2 boomerangs
 s - 23 bolts
 v - 2 poisoned darts
Armour
 b - a +0 animal skin (worn)
 o - a +0 buckler
 q - a +2 robe of positive energy
 y - a +0 pair of gloves (worn)
Jewellery
 x - an amulet of magic regeneration
Wands
 u - a wand of charming (13)
Scrolls
 c - a scroll of silence
 e - a scroll of teleportation
 A - a scroll of magic mapping {unknown}
Potions
 f - a potion of invisibility
 h - 4 potions of brilliance
 r - a potion of magic {unknown}
 t - a potion of curing {unknown}
 w - a potion of berserk rage {unknown}
 z - a potion of attraction {unknown}


   Skills:
 - Level 4.6 Fighting
 - Level 3.0 Short Blades
 + Level 7.4 Throwing
 - Level 2.0 Armour
 - Level 2.0 Dodging


You had 7 spell levels left.
You didn't know any spells.
Your spell library was empty.

Dungeon Overview and Level Annotations

Branches:
Dungeon (5/15)
 Temple: D:4-7

Altars:
Elyvilon
Kikubaaqudgha
Qazlal
Wu Jian
Zin
The Shining One

Shops:
D:1 *   D:4 ?=[=

Annotations:
D:5 Grinder


Message History

You hit Grinder.
Grinder is lightly wounded.
Grinder hits you.
You writhe in agony.
Grinder gestures at you. You resist with some effort.
You closely miss Grinder.
Grinder is lightly wounded.
Grinder hits you!
You writhe in agony.
Grinder blinks!
Throw: 42 stones
Press: ? - help, Q - select action, (/) - cycle Shift-Dir - straight line, f - Grinder
Aim: Grinder (lightly wounded, 60% to hit)
You throw a stone. The stone closely misses Grinder.
You fade into invisibility!
Grinder hits you.
You writhe in agony.
You hit Grinder but do no damage.
Grinder is lightly wounded.
Grinder barely misses you. Grinder hits you!
You writhe in agony.
You closely miss Grinder.
Grinder is lightly wounded.
Grinder hits you but does no damage. x2
You sock Grinder!
Grinder is moderately wounded.
Grinder misses you. Grinder closely misses you.
You catch the helpless Grinder completely off-guard!
You hit Grinder.
Grinder is heavily wounded.
Grinder gestures at you.
You suddenly lose the ability to move!
Grinder hits you.
You writhe in agony.
Grinder gestures at you.
You struggle to resist.
Grinder hits you.
* * * LOW HITPOINT WARNING * * *
You writhe in agony.
* * * LOW HITPOINT WARNING * * *
Grinder hits you.
* * * LOW HITPOINT WARNING * * *
You writhe in agony.
* * * LOW HITPOINT WARNING * * *
Grinder hits you.
You die...

### ###..
###################....
#.....@5..(..(.........
#.#########.#..........
#..###......< #.(#
#....... #..# #.......
#..####>....#
..........[<.
##..#####..### #..#


You could see Grinder.

Vanquished Creatures
  Duvessa (D:5)
  An ice beast (D:3)
  2 ogres (D:4)
  A phantom (D:5)
  Dowan (D:5)
  2 hounds (D:4)
  A jelly (D:4)
  A scorpion zombie (D:5)
  A hound skeleton (D:4)
  3 adders
  An ufetubus (D:4)
  6 dart slugs
  An orc (D:4)
  11 ball pythons
  6 bats
  5 endoplasms
  3 giant cockroaches
  8 goblins
  8 hobgoblins
  3 jackals (D:1)
  8 kobolds
  3 quokkas
  4 frilled lizards
  2 rats (D:3)
83 creatures vanquished.

Notes
Turn   | Place    | Note
-------+----------+-------------------------------------------
     0 | D:1      | Legadrian the Human Berserker began the quest for the Orb.
     0 | D:1      | Reached XP level 1. HP: 18/18 MP: 1/1
    67 | D:1      | Reached XP level 2. HP: 17/24 MP: 2/2
   476 | D:1      | Found Mattor's General Store.
   489 | D:1      | Reached XP level 3. HP: 29/30 MP: 3/3
   641 | D:1      | You fall into a shaft and drop 1 floor!
   869 | D:1      | Reached ** piety under Trog
  1083 | D:1      | Found a faded altar of an unknown god.
  1189 | D:1      | Reached XP level 4. HP: 38/38 MP: 4/4
  1978 | D:3      | Reached skill level 1 in Throwing
  2271 | D:3      | Noticed an ice beast
  2280 | D:3      | Killed an ice beast
  2281 | D:3      | Reached skill level 3 in Throwing
  2281 | D:3      | Reached XP level 5. HP: 32/43 MP: 5/5
  2470 | D:3      | Found a glowing golden altar of the Shining One.
  2470 | D:3      | Found a white marble altar of Elyvilon.
  2470 | D:3      | Found a glowing silver altar of Zin.
  2565 | D:3      | Found a stormy altar of Qazlal.
  2842 | D:3      | Found an ancient bone altar of Kikubaaqudgha.
  3171 | D:4      | Reached XP level 6. HP: 31/49 MP: 6/6
  3173 | D:4      | Reached skill level 4 in Throwing
  3578 | D:4      | Found Xonwang's Armour Emporium.
  3737 | D:4      | Found Dakkucuta's Magic Scroll Shop.
  3852 | D:4      | Found an ornate altar of the Wu Jian Council.
  3919 | D:4      | Found Taehiaf's Jewellery Shoppe.
  3931 | D:4      | Found Ecromyxaich's Jewellery Boutique.
  3951 | D:4      | Reached skill level 5 in Throwing
  4149 | D:4      | Noticed an ogre
  4205 | D:5      | Entered Level 5 of the Dungeon
  4205 | D:5      | Noticed Duvessa
  4205 | D:5      | Noticed Dowan
  4210 | D:4      | Killed an ogre
  4211 | D:4      | Reached XP level 7. HP: 55/55 MP: 7/7
  4627 | D:4      | Reached skill level 6 in Throwing
  5204 | D:5      | Killed Duvessa
  5210 | D:5      | Killed Dowan
  5308 | D:5      | Reached skill level 7 in Throwing
  5457 | D:5      | Reached XP level 8. HP: 18/61 MP: 8/8
  5787 | D:5      | Noticed Grinder
  5787 | D:5      | Paralysed by Grinder for 7 turns
  5807 | D:5      | Paralysed by Grinder for 6 turns
  5811 | D:5      | Slain by Grinder

Illustrated notes

Levels and vault maps discovered:
D:1:      dpeg_arrival_line_fractal, layout_rooms,
          shapermc_ecumenical_altar_flowoftime, serial_shops, shop
D:2:      layout_rooms, hex_tiny
D:3:      layout_loops_corners, good_gods_mini_temple, lemuel_doored_altar,
          general_overflow_altar
D:4:      layout_basic, kennysheep_mini, serial_shops, shop, shop,
          kennysheep_little_box, shop
D:5:      layout_loops_ring, mainiacjoe_overflow_catwalk, uniq_duvessa,
          uniq_sigmund, uniq_grinder

Skill      XL: |  1  2  3  4  5  6  7 |
---------------+----------------------+-----
Fighting       | 4 |  4.6
Throwing       | 3 5 7 |  7.4
Short Blades   | |  3.0
Armour         | |  2.0
Dodging        | |  2.0

Action                   |  1- 3 |  4- 6 |  7- 9 || total
-------------------------+-------+-------+-------++-------
Melee: Short sword       |   110 |    14 |       ||   124
       Punch             |     1 |       |       ||     1
       Quarterstaff      |       |    50 |    59 ||   109
Throw: Stone             |    47 |   109 |    11 ||   167
       Dart              |       |       |     2 ||     2
Invok: Berserk           |       |     1 |     2 ||     3
  Use: Scroll            |       |     5 |       ||     5
       Potion            |       |       |     3 ||     3
 Stab: Sleeping          |     1 |     2 |       ||     3
       Invisible         |       |       |     1 ||     1
Armor: Animal skin       |    10 |    15 |     6 ||    31
Dodge: Dodged            |    65 |    55 |    28 ||   148
